 Dungeon Crawl Stone Soup version 0.27-a0-1555-g0e7b3fb1d2 (webtiles) character file.

Game seed: 4923935440321679088

498 freelancePsychic the Skirmisher (level 6, -8/49 HPs)
             Began as a Demonspawn Artificer on July 15, 2021.
             Was an Initiate of Okawaru.
             Mangled by an ogre (24 damage)
             ... on level 5 of the Dungeon.
             The game lasted 00:10:45 (7876 turns).

freelancePsychic the Skirmisher (DsAr)              Turns: 7876, Time: 00:10:46

Health: -8/49      AC:  4    Str: 14    XL:     6   Next: 94%
Magic:  6/6        EV: 12    Int: 12    God:    Okawaru [......]
Gold:   237        SH:  0    Dex: 20    Spells: 5/5 levels left

rFire    . . .     SeeInvis .     - Unarmed
rCold    . . .     Faith    .   (no shield)
rNeg     . . .     Spirit   .   b - +0 leather armour
rPois    .         Reflect  .   k - +0 helmet of the Planets {rCorr Dex+2}
rElec    .         Harm     .   (no cloak)
rCorr    +         Rampage  .   (no gloves)
Will     .....                  (no boots)
Stlth    ++++......             (no amulet)
HPRegen  0.16/turn              (no ring)
MPRegen  0.20/turn              (no ring)

@: no status effects
A: claws 1, thin skeletal structure 2, magic regeneration
a: Renounce Religion


You were on level 5 of the Dungeon.
You worshipped Okawaru.
Okawaru was noncommittal.
You visited 1 branch of the dungeon, and saw 5 of its levels.

You collected 237 gold pieces.

Inventory:

Hand Weapons
 a - a +0 club
 f - a +0 dagger
 g - a +1 rapier
 l - the +4 shortbow "Qomputte" {speed, Str+3}
   (You found it on level 5 of the Dungeon)

   Attacks with this weapon are significantly faster.
   Str:       It affects your strength (+3).
Missiles
 n - 7 poisoned darts (quivered)
Armour
 b - a +0 leather armour (worn)
 k - the +0 helmet of the Planets (worn) {rCorr Dex+2}
   (You acquired it on level 4 of the Dungeon)

   Dex:       It affects your dexterity (+2).
   rCorr:     It protects you from acid and corrosion.
Jewellery
 m - a ring of ice
 p - a ring of resist corrosion
Wands
 d - a wand of charming (10)
Potions
 c - a potion of lignification {unknown}
 h - 3 potions of brilliance {unknown}
 i - a potion of might {unknown}
 o - a potion of flight {unknown}
Miscellaneous
 e - a piece from Xom's chessboard (13/15)


   Skills:
 + Level 4.7 Fighting
 - Level 1.4 Short Blades
 - Level 1.7 Armour
 - Level 1.7 Dodging
 - Level 2.0 Stealth
 + Level 3.6 Unarmed Combat
 - Level 3.0 Evocations


You had 5 spell levels left.
You didn't know any spells.
Your spell library was empty.

Dungeon Overview and Level Annotations

Branches:
Dungeon (5/15)             Temple (0/1) D:4

Altars:
Okawaru

Shops:
D:5 *

Annotations:
D:2 Jessica, Sigmund
D:4 1 runed translucent door, Crazy Yiuf
D:5 Edmund


Innate Abilities, Weirdness & Mutations

You have sharp fingernails.
You have a moderately thin skeletal structure. (Dex +4, Stealth++)
You regenerate magic rapidly.


Message History

The black bear is almost dead.
You kill the black bear!
Okawaru accepts your kill.
Your piece from Xom's chessboard (13/15) has regained one charge.
You start resting.
HP restored.
There is an open door here.
Things that are here:
a +0 long sword; a +0 chain mail; a +0 flail You see here a +0 mace.
There is an escape hatch in the floor here.
There is a stone staircase leading down here.
You climb downwards.
Level annotation: Edmund
There is a stone staircase leading up here.
Found a stone staircase leading down.
An ogre is nearby!
You throw a poisoned dart.
The poisoned dart completely misses the ogre.
You throw a poisoned dart. The poisoned dart hits the ogre.
You throw a poisoned dart. The poisoned dart hits the ogre.
The ogre is poisoned.
You throw a poisoned dart.
The poisoned dart completely misses the ogre.
You throw a poisoned dart. The poisoned dart hits the ogre.
The ogre looks even sicker.
The ogre is lightly wounded.
Found a potion of curing.
You scratch the ogre but do no damage.
The ogre is lightly wounded.
The ogre hits you with a +0 giant club!
You claw the ogre!
The ogre is moderately wounded.
The ogre hits you with a +0 giant club!!
You claw the ogre!
The ogre is heavily wounded.
Found 4 gold pieces.
Found an escape hatch in the floor.
The ogre looks more healthy.
The ogre hits you with a +0 giant club!!
You die...

........................#.....
....##..#.####..........#.###.
..#. ##..## #......#...#### ##
. #..#...###.... .##..#
#........#.###.....
##..!....#....>..>.
#....#.........#
##...##.O..#...##
#....##..@......#
###.####.....$### ### ##....##
####.# ##


You could see an ogre.

Vanquished Creatures
  A black bear (D:4)
  Blork the orc (D:5)
  A scorpion (D:4)
  2 gnolls
  6 adders
  An adder zombie (D:5)
  2 worms
  5 orcs
  3 bats
  5 endoplasms
  2 giant cockroaches (D:2)
  3 goblins
  9 hobgoblins
  5 jackals
  6 kobolds
  A quokka (D:1)
  6 ball pythons
  3 frilled lizards
  6 rats
68 creatures vanquished.

Vanquished Creatures (collateral kills)
  A hound (D:5)
  A gnoll (D:3)
  A giant cockroach (D:3)
  A quokka (D:3)
4 creatures vanquished.

Vanquished Creatures (others)
  2 ogres (D:5)
  A gnoll (D:3)
3 creatures vanquished.

Grand Total: 75 creatures vanquished

Notes
Turn   | Place    | Note
-------+----------+-------------------------------------------
     0 | D:1      | freelancePsychic the Demonspawn Artificer began the quest
                  | for the Orb.
     0 | D:1      | Reached XP level 1. HP: 15/15 MP: 1/1
    33 | D:1      | Reached skill level 1 in Dodging
   298 | D:1      | Gained mutation: You have a somewhat thin skeletal
                  | structure. (Dex +2, Stealth+) [demonic ancestry]
   298 | D:1      | Reached XP level 2. HP: 22/22 MP: 2/2
   798 | D:1      | Reached skill level 2 in Fighting
   876 | D:1      | Found a faded altar of an unknown god.
   879 | D:1      | Reached skill level 1 in Stealth
   939 | D:1      | Noticed a great orb of eyes
   940 | D:1      | Noticed a golden eye
   941 | D:1      | Noticed a shining eye
   941 | D:1      | Noticed an eye of devastation
  1134 | D:1      | Reached XP level 3. HP: 21/27 MP: 3/3
  2070 | D:2      | Noticed Jessica
  2361 | D:2      | Reached skill level 1 in Short Blades
  2815 | D:2      | Gained mutation: You have sharp fingernails. [demonic
                  | ancestry]
  2815 | D:2      | Reached XP level 4. HP: 24/33 MP: 4/4
  3345 | D:2      | Noticed Sigmund
  3718 | D:3      | Reached skill level 1 in Unarmed Combat
  4829 | D:3      | Gained mutation: You regenerate magic rapidly. [demonic
                  | ancestry]
  4829 | D:3      | Reached XP level 5. HP: 38/40 MP: 5/5
  5083 | D:4      | Reached skill level 3 in Fighting
  5475 | D:4      | Identified a scroll of acquirement
  5475 | D:4      | Acquired the +0 helmet of the Planets {rCorr Dex+2}
  5490 | D:4      | Found an iron altar of Okawaru.
  5580 | D:4      | Became a worshipper of Warmaster Okawaru
  5898 | D:4      | Found a staircase to the Ecumenical Temple.
  6148 | D:4      | Found a runed translucent door.
  6149 | D:4      | Noticed Crazy Yiuf
  6565 | D:5      | Entered Level 5 of the Dungeon
  6565 | D:5      | Noticed Blork the orc
  6585 | D:5      | Killed Blork the orc
  6586 | D:5      | Gained mutation: You have a moderately thin skeletal
                  | structure. (Dex +4, Stealth++) [demonic ancestry]
  6586 | D:5      | Reached XP level 6. HP: 19/48 MP: 6/6
  6774 | D:5      | Found Itsyush's Overcharged Wands.
  6847 | D:5      | Identified the +4 shortbow "Qomputte" {speed, Str+3}
  6854 | D:5      | Reached skill level 4 in Fighting
  7243 | D:5      | Noticed Edmund
  7876 | D:5      | Mangled by an ogre

Illustrated notes

Levels and vault maps discovered:
D:1:      psy_arrival_conway, layout_loops_ring,
          hellmonk_ecumenical_altar_watching_god, moated_statue,
          minmay_misc_feat_doors, minmay_pentomino_u2
D:2:      layout_basic, minivault_4, uniq_sigmund, uniq_jessica
D:3:      corexii_shack_village, layout_loops_corners, serial_bayou_pond_c
D:4:      layout_loops_corners, mainiacjoe_overflow_alcove_4,
          minmay_temple_entry_fiery, serial_rivers,
          chequers_serial_rivers_marsh, chequers_serial_rivers_small_a,
          chequers_serial_rivers_large_b, chequers_serial_rivers_micro_e,
          minivault_1, uniq_crazy_yiuf_cottage
D:5:      layout_cave_pools, ebering_ghost_sewer_d, palyth_stone_intersect,
          nicolae_shop_overcharged_wands, uniq_edmund, uniq_blork_the_orc

Skill      XL: |  1  2  3  4  5  6 |
---------------+-------------------+-----
Dodging        | 1 |  1.7
Fighting       | 2 3 4 |  4.7
Stealth        | 1 2 |  2.0
Short Blades   | 1 |  1.4
Unarmed Combat | 1 2 3 |  3.6
Armour         | |  1.7
Evocations     | |  3.0

Action                   |  1- 3 |  4- 6 || total
-------------------------+-------+-------++-------
Melee: Club              |    30 |       ||    30
       Rapier            |   108 |    95 ||   203
       Unarmed           |       |    31 ||    31
       Punch             |       |     1 ||     1
Throw: Dart              |       |    11 ||    11
       Throwing net      |       |     3 ||     3
Evoke: Wand              |     7 |    13 ||    20
       Piece from Xom's  |       |     3 ||     3
  Use: Scroll            |     2 |     3 ||     5
       Potion            |       |     2 ||     2
 Stab: Sleeping          |     7 |    10 ||    17
Armor: Leather armour    |    30 |    18 ||    48
Dodge: Dodged            |    83 |    82 ||   165

Table legend: (Time is in decaauts)
 A = Elapsed time spent in this place.
 B = Non-inter-level travel time spent in this place.
 C = Inter-level travel time spent in this place.
 D = Time resting spent in this place.
 E = Time spent auto-exploring this place.
 F = Levels seen in this place.
 G = Mean time per level.
                   A        B        C        D        E       F      G
               +--------+--------+--------+--------+--------+-----+--------+
         Total |   8006 |   7701 |    305 |   1180 |   5591 |   5 | 1601.2 |
       Dungeon |   8006 |   7701 |    305 |   1180 |   5591 |   5 | 1601.2 |
               +--------+--------+--------+--------+--------+-----+--------+

Top non-repeatable levels by time:
     D:4: 2307 daAuts
     D:1: 2026 daAuts
     D:2: 1608 daAuts
     D:3: 1445 daAuts
     D:5: 618 daAuts
